AoeStats
← Stoskraw

Black Forest

505373201Analyzed
4v4 RM · 23d ago on Sep 9, 2026· 57m 16s· 8 players
Game mode
Random Map
Map size
Large (8 player)
Population
200
Speed
Normal
Resources
Standard
Victory
Conquest
Starting age
Dark Age
Ending age
Imperial Age
RankedLock teamsTeams togetherTeam positionsShared explorationLock speedFull tech treeHidden civsTurbo modeCheats
Victory
Defeat
🇨🇴 Tupi · Colombia
751
+17
🇺🇸 Inca · United States
697
+19
🇨🇴 Japanese · Colombia
692
+19
🇨🇱 Burgundians · Chile
545
+24
🇦🇷 Mongols · Argentina
892
-24
🇦🇷 Turks · Argentina
825
-22
🇦🇷 Spanish · Argentina
698
-18
🇦🇷 Khmer · Argentina
634
-15
Kevovm
0:52 Loom
15:19 Wheelbarrow
17:39 Feudal Age
16:54 Double-Bit Axe
17:07 Gold Mining
17:16 Stone Mining
17:11 Horse Collar
18:46 Bow Saw
19:18 Gold Shaft Mining
20:30 Hand Cart
21:21 Stone Shaft Mining
28:38 Castle Age
28:34 Caravan
29:09 Forging
29:05 Scale Barding Armor
31:03 Two-Man Saw
30:07 Heavy Plow
31:59 Burgundian Vineyards
34:28 Imperial Age
33:56 Iron Casting
33:42 Chain Barding Armor
35:01 Squires
35:07 Husbandry
36:36 Chemistry
36:07 Conscription
35:10 Elite Coustillier
37:13 Blast Furnace
36:50 Plate Barding Armor
Paolosip3532
0:46 Loom
15:31 Feudal Age
16:48 Wheelbarrow
16:01 Double-Bit Axe
16:08 Gold Mining
16:11 Stone Mining
16:04 Horse Collar
24:46 Castle Age
24:53 Fletching
25:46 Bow Saw
26:26 Hand Cart
26:50 Gold Shaft Mining
26:31 Town Watch
33:32 Imperial Age
32:17 Bodkin Arrow
32:23 Padded Archer Armor
36:30 Curare
36:48 Bracer
37:36 Ballistics
41:17 Caravan
46:28 Two-Man Saw
45:12 Elite Blackwood Archer
46:59 Leather Archer Armor
47:10 Conscription
52:05 Chemistry
MIG
0:31 Loom
16:19 Feudal Age
17:59 Wheelbarrow
17:29 Double-Bit Axe
17:25 Horse Collar
20:44 Castle Age
24:15 Fervor
24:47 Bow Saw
24:39 Heavy Plow
26:49 Hand Cart
26:20 Town Watch
31:38 Gold Mining
31:39 Stone Mining
35:06 Imperial Age
32:37 Town Patrol
33:20 Gold Shaft Mining
33:07 Forging
32:57 Scale Mail Armor
34:30 Treadmill Crane
35:30 Iron Casting
35:10 Chain Mail Armor
34:48 Fletching
38:12 Blast Furnace
37:42 Plate Mail Armor
36:49 Pikeman
37:29 Squires
37:15 Gambesons
37:16 Arson
37:45 Halberdier
39:37 Conscription
39:38 Kataparuto
40:33 Bodkin Arrow
42:34 Two-Man Saw
41:39 Bracer
41:43 Padded Archer Armor
42:05 Elite Samurai
42:46 Yasama
43:24 Hoardings
42:59 Scale Barding Armor
45:28 Ballistics
46:08 Chemistry
45:14 Siege Engineers
44:40 Elite Skirmisher
45:15 Onager
Stoskraw
12:42 Feudal Age
18:04 Loom
21:02 Horse Collar
23:34 Castle Age
23:45 Double-Bit Axe
31:53 Imperial Age
31:53 Gold Mining
31:56 Stone Mining
32:09 Heavy Plow
32:34 Bow Saw
32:40 Forging
32:21 Fletching
34:26 Wheelbarrow
35:37 Scale Mail Armor
37:00 Heavy Scorpion
38:41 Iron Casting
41:18 Fortified Wall
41:10 Capped Ram
42:57 Conscription
43:31 Hand Cart
45:22 Elite Kamayuk
46:30 Fabric Shields
48:27 Squires
50:05 Chain Mail Armor
50:52 Blast Furnace
55:52 Chemistry
54:59 Siege Engineers
55:28 Plate Mail Armor
ElJefe
0:37 Loom
9:50 Feudal Age
17:01 Castle Age
15:43 Horse Collar
15:51 Double-Bit Axe
16:32 Stone Mining
18:16 Gold Mining
24:04 Wheelbarrow
24:14 Gold Shaft Mining
26:35 Stone Shaft Mining
26:14 Bow Saw
26:05 Heavy Plow
29:16 Ballistics
32:32 Imperial Age
31:40 Hand Cart
32:59 Caravan
34:35 Chemistry
33:47 Capped Ram
35:06 Parthian Tactics
35:58 Siege Ram
36:15 Heavy Cavalry Archer
39:29 Husbandry
39:41 Bloodlines
38:53 Light Cavalry
40:37 Conscription
40:23 Hussar
41:01 Fletching
41:35 Padded Archer Armor
41:37 Bodkin Arrow
41:58 Scale Barding Armor
42:04 Forging
42:33 Drill
42:46 Leather Archer Armor
42:57 Bracer
44:51 Chain Barding Armor
45:09 Iron Casting
pizzeroloco
0:27 Loom
11:54 Feudal Age
14:10 Wheelbarrow
13:24 Double-Bit Axe
13:25 Horse Collar
21:23 Castle Age
19:43 Stone Mining
22:55 Hand Cart
23:01 Heavy Plow
22:56 Gold Mining
23:43 Stone Shaft Mining
27:23 Gold Shaft Mining
26:58 Scale Barding Armor
27:04 Forging
26:55 Padded Archer Armor
26:46 Fletching
31:22 Bow Saw
33:57 Imperial Age
33:53 Chain Barding Armor
34:09 Iron Casting
33:30 Bodkin Arrow
34:30 Husbandry
37:53 Elite Battle Elephant
39:31 Elite Battle Elephant
46:32 Plate Barding Armor
46:58 Blast Furnace
47:01 Tusk Swords
56:58 Heavy Scorpion
Gregol
7:37 Loom
11:59 Feudal Age
19:35 Castle Age
21:02 Wheelbarrow
22:14 Double-Bit Axe
22:14 Horse Collar
22:30 Gold Mining
22:34 Stone Mining
27:21 Bow Saw
27:18 Heavy Plow
29:49 Forging
29:40 Scale Mail Armor
33:59 Iron Casting
35:19 Ballistics
35:30 Pikeman
36:11 Squires
42:59 Chain Mail Armor
49:37 Imperial Age
50:43 Halberdier
is+
1:02 Loom
10:58 Feudal Age
12:18 Double-Bit Axe
19:10 Castle Age
16:56 Horse Collar
17:50 Stone Mining
23:02 Wheelbarrow
22:12 Town Watch
25:15 Hand Cart
27:16 Gold Mining
29:22 Bow Saw
29:26 Heavy Plow
34:32 Imperial Age
33:47 Fletching
33:59 Padded Archer Armor
34:21 Ballistics
38:17 Artillery
41:16 Bloodlines
41:09 Husbandry
43:15 Conscription
47:08 Leather Archer Armor
46:48 Bodkin Arrow
47:03 Forging
46:53 Scale Mail Armor
Connection lost

Rejoining the realm…

Still unreachable

The connection could not be restored.

Session expired

The server has moved on; the page needs a fresh start.